 Dungeon Crawl Stone Soup version 0.27.0-1-g7a089689b8 (webtiles) character file.

Game seed: 10502073550191092310

133 Descartes the Ducker (level 4, -1/18 HPs)
             Began as a Felid Monk on Aug 1, 2021.
             Succumbed to an adder's poison
             ... on level 3 of the Dungeon.
             The game lasted 00:05:07 (4431 turns).

Descartes the Ducker (Felid Monk)                   Turns: 4431, Time: 00:05:09

Health: -1/18      AC:  3    Str:  8    XL:     4   Next: 94%
Magic:  5/5        EV: 20    Int: 12    God:
Gold:   65         SH:  0    Dex: 18    Spells: 3/3 levels left
                                        Lives:  0   Deaths: 1

rFire    . . .     SeeInvis +     - Unarmed
rCold    . . .     Faith    .   (shield unavailable)
rNeg     . . .     Spirit   .   (armour unavailable)
rPois    .         Reflect  .   (helmet unavailable)
rElec    .         Harm     .   (cloak unavailable)
rCorr    .         Rampage  .   (gloves unavailable)
Will     .....     Clarity  +   (boots unavailable)
Stlth    ++........             (no amulet)
HPRegen  0.06/turn              (no ring)
MPRegen  0.09/turn              (no ring)

@: brilliant, lethally poisoned (-1 -> -7), unable to read, very slow
A: very small, claws 1, fangs 3, see invisible, speed 1, shaggy fur 1, stealthy
paws, no weapons or thrown items, no armour, multi-lived, iridescent scales 1,
clarity, frail 1, inability to read while threatened
a: no special abilities


You were on level 3 of the Dungeon.
You visited 1 branch of the dungeon, and saw 3 of its levels.

You collected 65 gold pieces.

Inventory:

Wands
 d - a wand of digging (7)
Scrolls
 c - a scroll of fog {unknown}
 f - a scroll of fear {unknown}
 h - a scroll of teleportation {unknown}
 i - a scroll of amnesia {unknown}
Potions
 b - a potion of flight


   Skills:
 - Level 3.0 Fighting
 + Level 5.8 Dodging
 + Level 5.3 Stealth
 + Level 4.3 Unarmed Combat


You had 3 spell levels left.
You didn't know any spells.
Your spell library was empty.

Dungeon Overview and Level Annotations

Branches:
Dungeon (3/15)

Altars:

Shops:
D:2 [

Annotations:
D:3 Sigmund


Innate Abilities, Weirdness & Mutations

You have sharp claws.
You have razor-sharp teeth.
You have supernaturally acute eyesight. (SInv)
You cover ground quickly. (Speed+)
You are covered in fur. (AC +1)
Your paws help you pounce on unaware monsters.
You are incapable of wielding weapons or throwing items.
You cannot wear armour.
You gain extra lives every three experience levels.
You are partially covered in iridescent scales. (AC +2)
You possess an exceptional clarity of mind.
You are frail. (-10% HP)
You sometimes lose the ability to read scrolls when taking damage.


Message History

The adder completely misses you.
Your unstable footing causes you to fumble your attack.
The adder closely misses you.
You barely miss the adder. The adder completely misses you.
The adder bites you.
Your unstable footing causes you to fumble your attack.
The adder barely misses you.
Your unstable footing causes you to fumble your attack.
The adder bites you.
You barely miss the adder. Your claw misses the adder.
The adder barely misses you.
You scratch the adder but do no damage. The adder misses you.
The adder bites you.
You are poisoned.
The adder poisons you!
Your unstable footing causes you to fumble your attack.
You feel sick. The adder bites you.
You feel threatened and lose the ability to read scrolls!
You are too injured to fight recklessly!
You are too injured to fight recklessly!
You are too injured to fight recklessly!
You are too injured to fight recklessly!
You are too injured to fight recklessly!
You are too injured to fight recklessly!
You are too injured to fight recklessly!
Your unstable footing causes you to fumble your attack.
You feel sick. The adder bites you.
* * * LOW HITPOINT WARNING * * *
You are lethally poisoned!
The adder poisons you!
Your unstable footing causes you to fumble your attack.
* * * LOW HITPOINT WARNING * * *
You feel sick. The adder barely misses you.
You scratch the adder.
The adder is heavily wounded.
* * * LOW HITPOINT WARNING * * *
You feel sick. The adder misses you.
It was a potion of brilliance.
You feel clever all of a sudden.
You die...

### #..
###########
#..
#.≈@S≈≈≈≈.≈
#.♣
#.#########
####..
##.######
+....♣
#.......#
#####.
#.......+
#####♣
#.......#
+.....
#.......#
#####♣
#.......# .
.# #..
#.......#
#......##.♣


You could see an adder.

Vanquished Creatures
  Jessica (D:2)
  Terence (D:2)
  An orc wizard (D:2)
  Robin (D:2)
  3 adders
  An adder zombie (D:2)
  2 adder skeletons (D:2)
  2 worms
  3 orcs
  5 ball pythons
  A bat skeleton (D:2)
  A bat zombie (D:2)
  5 endoplasms
  2 giant cockroaches
  11 goblins
  7 hobgoblins
  8 jackals
  2 quokkas
  A ball python skeleton (D:2)
  A ball python zombie (D:2)
  4 bats
  4 frilled lizards
  A jackal skeleton (D:2)
  A kobold (D:2)
  2 quokka skeletons (D:2)
  A quokka zombie (D:2)
  5 rats
77 creatures vanquished.

Vanquished Creatures (others)
  6 withered plants (D:2)
6 creatures vanquished.

Grand Total: 83 creatures vanquished

Notes
Turn   | Place    | Note
-------+----------+-------------------------------------------
     0 | D:1      | Descartes the Felid Monk began the quest for the Orb.
     0 | D:1      | Reached XP level 1. HP: 10/10 MP: 2/2
   255 | D:1      | Reached XP level 2. HP: 14/14 MP: 3/3
   833 | D:2      | Reached XP level 3. HP: 15/17 MP: 4/4
  1064 | D:2      | Noticed Terence
  1083 | D:2      | Killed Terence
  1334 | D:2      | Reached skill level 5 in Dodging
  1334 | D:2      | Reached XP level 4. HP: 21/21 MP: 5/5
  1714 | D:2      | Found Pujenug's Antique Armour Shop.
  2226 | D:3      | Noticed Sigmund
  2822 | D:3      | Noticed Robin
  3017 | D:2      | Killed Robin
  3018 | D:2      | Reached XP level 5. HP: 9/24 MP: 6/6
  3689 | D:2      | Slain by an orc wizard
  3690 | D:2      | Reached XP level 4. HP: -2/21 MP: 5/5
  3718 | D:2      | Reached skill level 5 in Stealth
  3897 | D:3      | Noticed Jessica
  3935 | D:2      | HP: 1/21 [jackal (2)]
  3938 | D:2      | Gained mutation: You are partially covered in iridescent
                  | scales. (AC +2) [potion of mutation]
  3938 | D:2      | Gained mutation: You are frail. (-10% HP) [potion of
                  | mutation]
  3938 | D:2      | Gained mutation: You sometimes lose the ability to read
                  | scrolls when taking damage. [potion of mutation]
  3938 | D:2      | Gained mutation: You possess an exceptional clarity of
                  | mind. [potion of mutation]
  3943 | D:2      | Killed Jessica
  4431 | D:3      | Succumbed to an adder's poison

Illustrated notes

Levels and vault maps discovered:
D:1:      dpeg_arrival_rhombi, layout_basic, serial_park_tiny_1, st_stairs_12
D:2:      layout_loops_corners, serial_shops, shop, serial_undead,
          serial_undead_a, serial_undead_d, serial_undead_b, serial_undead_b,
          serial_undead_f, serial_undead_b, serial_undead_d, serial_undead_c,
          serial_undead_b, serial_undead_a, uniq_terence
D:3:      layout_basic, portal_sewer_entry_d, kennysheep_crisscross,
          uniq_jessica, uniq_sigmund, uniq_robin

Skill      XL: |  1  2  3  4 |
---------------+-------------+-----
Stealth        | 3 4 5 |  5.3
Dodging        | 5 |  5.8
Unarmed Combat | 4 |  4.3
Fighting       | |  3.0

Action                   |  1- 3 |  4- 6 || total
-------------------------+-------+-------++-------
Melee: Unarmed           |    89 |   181 ||   270
       Bite              |     9 |    13 ||    22
       Punch             |       |     2 ||     2
  Use: Potion            |       |     4 ||     4
 Stab: Sleeping          |     8 |     8 ||    16
       Distracted        |       |     1 ||     1
Armor: Skin              |    13 |     8 ||    21
Dodge: Dodged            |    80 |   196 ||   276
